 Dungeon Crawl Stone Soup version 0.20-a0-222-gb69ddcd (webtiles) character file.

229 KristoblXynda the Stinger (level 5, -2/38 HPs)
             Began as a Draconian Venom Mage on Nov 29, 2016.
             Slain by Grinder (5 damage)
             ... while paralysed by Grinder
             ... on level 3 of the Dungeon.
             The game lasted 00:10:32 (4460 turns).

KristoblXynda the Stinger (Draconian Venom Mage)    Turns: 4460, Time: 00:10:33

Health: -2/38      AC:  7    Str: 10 (11) XL:     5   Next: 71%
Magic:  10/10      EV:  2    Int: 19 (21) God:
Gold:   125        SH:  0    Dex: 13 (16) Spells: 6/10 levels left

rFire  . . .     SeeInvis .     (no weapon)
rCold  . . .     Gourm    .     (armour unavailable)
rNeg   . . .     Faith    .     (no shield)
rPois  .         Spirit   .     n - +2 hat
rElec  .         Reflect  .     (no cloak)
rCorr  .         Harm     .     (no gloves)
MR     .....                    (no boots)
Stlth  ++........               (no amulet)
                                (no ring)
                                i - ring of loudness (curse)

@: paralysed, brilliant, agile, very slightly contaminated, hasted (expiring)
A: unfitting armour, cold-blooded, AC +5
a: no special abilities


You were on level 3 of the Dungeon.
You were not hungry.

You visited 1 branch of the dungeon, and saw 3 of its levels.

You collected 125 gold pieces.

Inventory:

Armour
 n - a +2 hat (worn)
Jewellery
 e - an uncursed ring of resist corrosion
 i - a cursed ring of loudness (left hand)
Potions
 f - a potion of ambrosia {unknown}
 k - a potion of brilliance
 m - a potion of mutation {unknown}
Books
 a - a Young Poisoner's Handbook

   Spells                             Type                      Level
   a - Sting                          Conjuration/Poison           1
   b - Mephitic Cloud                 Conjuration/Poison/Air       3
   c - Olgreb's Toxic Radiance        Poison                       4
   d - Alistair's Intoxication        Transmutation/Poison         5
   e - Venom Bolt                     Conjuration/Poison           5
Comestibles
 b - 4 bread rations
 g - 5 chunks of flesh
 s - a meat ration


   Skills:
 - Level 1.7 Dodging
 - Level 1.7 Stealth
 + Level 0.0 Unarmed Combat
 + Level 3.3 Spellcasting
 + Level 3.4 Conjurations
 - Level 5.1 Poison Magic


You had 6 spell levels left.
You knew the following spells:

 Your Spells              Type           Power        Failure   Level  Hunger
a - Sting                 Conj/Pois      ####         1%          1    None
b - Mephitic Cloud        Conj/Pois/Air  ####....     1%          3    ###....


Dungeon Overview and Level Annotations

Branches:
Dungeon (3/15)

Altars:
Ashenzari
Dithmenos
Okawaru

Annotations:
D:3 Grinder


Innate Abilities, Weirdness & Mutations

Your plain brown scales are hard. (AC +5)
You cannot fit into any form of body armour.
You are cold-blooded and may be slowed by cold attacks.


Message History

Grinder is almost dead.
Grinder gestures at you. Pain shoots through your body!
You closely miss Grinder.
You tail-slap Grinder, but do no damage.
Grinder is almost dead.
Grinder gestures at you.
You suddenly lose the ability to move!
Grinder hits you.
You writhe in agony.
Grinder hits you.
You writhe in agony.
Your extra speed is starting to run out.
Grinder hits you but does no damage. Grinder hits you.
* * * LOW HITPOINT WARNING * * *
You writhe in agony.
* * * LOW HITPOINT WARNING * * *
Grinder says, "Just stop there for a second..."
Grinder completely misses you. Grinder hits you.
You die...

#...................# ####
#................##.##**#####
#................##...,,.....
#............<.....#*#***#...
#..................#######...
######...........#...#...,..#
#..[..............#**#.#
##.................# #.#
#.......@)........#####.#
##......5................
#..................###.#
##..####...........# #.# #..#
#....>.....>###o#
#..####...............#
#)..........#.....##..#
###....#..##.......##...
#....#.#..#...#.....#.#.


You could see Grinder.

Vanquished Creatures
  Jessica (D:3)
  2 orc wizards (D:3)
  3 gnolls (D:2)
  3 adders
  An ooze (D:2)
  6 worms
  5 dart slugs
  3 orcs (D:3)
  2 giant cockroaches
  2 goblins
  7 hobgoblins
  7 jackals
  10 kobolds
  A quokka (D:3)
  6 bats
  A frilled lizard (D:3)
  10 rats
70 creatures vanquished.

Notes
Turn   | Place    | Note
-------+----------+-------------------------------------------
     0 | D:1      | KristoblXynda the Draconian Venom Mage began the quest for the Orb.
     0 | D:1      | Reached XP level 1. HP: 14/14 MP: 3/3
   304 | D:1      | Reached skill level 1 in Conjurations
   327 | D:1      | Reached XP level 2. HP: 1/20 MP: 0/5
  1349 | D:2      | Reached XP level 3. HP: 25/26 MP: 4/6
  1359 | D:2      | Learned a level 3 spell: Mephitic Cloud
  1391 | D:2      | Found a shadowy altar of Dithmenos.
  2441 | D:2      | Reached XP level 4. HP: 31/33 MP: 1/7
  3193 | D:2      | Found a shattered altar of Ashenzari.
  3238 | D:3      | Noticed Grinder
  3365 | D:3      | Found an iron altar of Okawaru.
  3815 | D:3      | Found a faded altar of an unknown god.
  3961 | D:3      | Reached XP level 5. HP: 38/38 MP: 7/9
  4222 | D:3      | Noticed Jessica
  4237 | D:3      | Killed Jessica
  4304 | D:3      | Reached skill level 5 in Poison Magic
  4428 | D:3      | Paralysed by Grinder for 6 turns
  4454 | D:3      | Paralysed by Grinder for 6 turns
  4460 | D:3      | Slain by Grinder

Vault maps used:
D:1:      lordsloth_arrival_two_stooges
D:2:      lemuel_coloured_pillars_altar, first_bread,
          grunt_dithmenos_smoke_and_mirrors
D:3:      okawaru_ov_weapons_minmay, chequers_ecumenical_altar_island,
          bh_walls_and_bars, uniq_grinder, uniq_jessica

Skill      XL: |  1  2  3  4  5 |
---------------+----------------+-----
Conjurations   | 1 2 3 |  3.4
Spellcasting   | 3 |  3.3
Poison Magic   | 5 |  5.1
Dodging        | |  1.7
Stealth        | |  1.7

Action                   |  1- 3 |  4- 6 || total
-------------------------+-------+-------++-------
Melee: Unarmed           |    64 |    65 ||   129
       Tailslap          |     8 |     4 ||    12
 Cast: Sting             |    90 |    90 ||   180
  Use: Scroll            |       |     6 ||     6
       Potion            |       |     7 ||     7
  Eat: Chunk             |     6 |     3 ||     9
       Royal jelly       |       |     1 ||     1
       Pizza             |       |     1 ||     1
Armor: Skin              |    21 |    26 ||    47
Dodge: Dodged            |    48 |    41 ||    89
